 Dungeon Crawl Stone Soup version 0.20.0-8-g6b59dc7 (webtiles) character file.

88 straycat the Covered (level 4, -3/34 HPs)
             Began as a Vampire Wanderer on May 31, 2017.
             Slain by a bullfrog (9 damage)
             ... on level 3 of the Dungeon.
             The game lasted 00:08:30 (2698 turns).

straycat the Covered (Vampire Wanderer)             Turns: 2698, Time: 00:08:31

Health: -3/34      AC:  0    Str: 11    XL:     4   Next: 29%
Magic:  2/4        EV: 20    Int: 15    God:
Gold:   162        SH:  0    Dex: 18    Spells: 3/3 levels left

rFire    . . .     SeeInvis +   (weapon currently unavailable)
rCold    . . .     Gourm    .   (shield currently unavailable)
rNeg     + . .     Faith    .   (armour currently unavailable)
rPois    .         Spirit   .   (helmet currently unavailable)
rElec    .         Reflect  .   (cloak currently unavailable)
rCorr    .         Harm     .   (gloves currently unavailable)
MR       .....                  (boots currently unavailable)
Stlth    ++++......             (no amulet)
Regen    0.2/turn               (ring currently unavailable)
MPRegen  0.1/turn               (ring currently unavailable)

@: bat-form, flying, very quick
A: fangs 3, see invisible
a: End Transformation


You were on level 3 of the Dungeon.
You were not thirsty.
You were in vampire-bat-form.
You visited 1 branch of the dungeon, and saw 3 of its levels.

You collected 162 gold pieces.

Inventory:

Hand Weapons
 b - a +0 hand axe (melded)
 e - a +0 dagger
 m - a +0 hunting sling
Missiles
 f - 32 arrows
 h - 13 stones (quivered)
 j - a throwing net
Armour
 a - a +0 shield (melded)
 c - a +0 ring mail (melded)
Scrolls
 i - a scroll of identify {unknown}
 k - 2 scrolls of remove curse {unknown}
Potions
 d - 12 potions of blood
 g - 2 potions of lignification {unknown}
 l - a potion of haste {unknown}
 n - a potion of might {unknown}


   Skills:
 * Level 2.5 Fighting
 - Level 1.7 Axes
 + Level 3.5 Armour
 * Level 2.1 Dodging
 + Level 2.6 Stealth
 + Level 1.8 Shields


You had 3 spell levels left.
You didn't know any spells.

Dungeon Overview and Level Annotations

Branches:
Dungeon (3/15)

Altars:
Dithmenos
Ru
Uskayaw


Innate Abilities, Weirdness & Mutations

You have razor-sharp teeth.
You have supernaturally acute eyesight. (SInv)
((You can survive without breathing.))


Message History

The bullfrog hits you.
A hobgoblin comes into view. It is wielding a club.
The hobgoblin shouts!
You hit the bullfrog.
The bullfrog is lightly wounded.
The bullfrog hits you. The bullfrog closely misses you.
You block the bullfrog's attack.
You closely miss the bullfrog.
The bullfrog is lightly wounded.
The bullfrog misses you. The bullfrog hits you.
You block the bullfrog's attack. The bullfrog hits you.
* * * LOW HITPOINT WARNING * * *
The bullfrog hits you but does no damage.
One of your 13 potions of blood rots away.
You turn into a vampire bat.
Your +0 hand axe melds into your body.
Your +0 shield melds into your body.
Your +0 ring mail melds into your body.
The bullfrog completely misses you. The adder bites you.
* * * LOW HITPOINT WARNING * * *
The bullfrog hits you!
You die...

#.........##.#
#######.........##.#
#...............##.#
#...............##.#
#...............##.#
###...............##g#
....<.............##.#
###...............##.#
#### #
#......#####..bFg..###
#####... # #......#
##..S.....# #.##.... #
#......#
#........###.'..... #
#......#
#........'.).'.....
###......#
#........#...'.....
......####
#........#.#.##)...
#######
#........#.#####... #
#........#.# ####
#####.####.#


You could see a bullfrog, an adder and a hobgoblin.

Vanquished Creatures
  3 adders
  An ooze (D:3)
  2 worms (D:2)
  A leopard gecko (D:1)
  A ball python (D:2)
  6 bats
  A giant cockroach (D:1)
  3 goblins
  5 hobgoblins
  2 quokkas (D:2)
  6 frilled lizards
  11 kobolds
  8 rats
50 creatures vanquished.

Vanquished Creatures (others)
  8 toadstools (D:3)
8 creatures vanquished.

Grand Total: 58 creatures vanquished

Notes
Turn   | Place    | Note
-------+----------+-------------------------------------------
     0 | D:1      | straycat the Vampire Wanderer began the quest for the Orb.
     0 | D:1      | straycat set off with: a +0 shield, a +0 hand axe, a +0 ring mail, a potion of blood
     0 | D:1      | Reached XP level 1. HP: 16/16 MP: 1/1
   122 | D:1      | Reached XP level 2. HP: 11/22 MP: 2/2
   222 | D:1      | Reached skill level 1 in Dodging
   860 | D:2      | Reached XP level 3. HP: 25/28 MP: 3/3
  1379 | D:2      | Found a shadowy altar of Dithmenos.
  2231 | D:2      | Found a sacrificial altar of Ru.
  2252 | D:2      | Found a hide-covered altar of Uskayaw.
  2363 | D:3      | Reached XP level 4. HP: 29/34 MP: 4/4
  2681 | D:3      | Noticed a bullfrog
  2698 | D:3      | Slain by a bullfrog

Skill      XL: |  1  2  3 |
---------------+----------+-----
Fighting       | 2 |  2.5
Dodging        | 1 2 |  2.1
Stealth        | 2 |  2.6
Axes           | |  1.7
Armour         | |  3.5
Shields        | |  1.8

Action                   |  1- 3 |  4- 6 || total
-------------------------+-------+-------++-------
Melee: Hand axe          |   153 |    33 ||   186
       Bite              |     7 |     2 ||     9
 Abil: Bat Form          |       |     1 ||     1
  Use: Potion            |     3 |     2 ||     5
 Stab: Sleeping          |     2 |       ||     2
       Distracted        |     1 |       ||     1
Armor: Ring mail         |    68 |    17 ||    85
Dodge: Dodged            |    45 |    13 ||    58
Block: Shield            |    50 |    16 ||    66
